Map: Ruins of Seras

Players

Bop

  • Race: Zerg Zerg

Bones - Winner!

  • Race: Protoss Protoss

VOD

Have the link to the VOD?

Description

Time

  • Played on: May 1, 2015, 1:45 a.m.
  • Length: 7:40
Show
View Real Time Build Order
Export as new Build Order

Bop Zerg 

Build Orders: Hatch First, Swarm Host 

Get SALT Encoding   

  12  0:01  Drone  
  13  0:12  Drone  
  14  0:22  Extractor  
  14  0:23  Drone x2, Extractor  
  16  0:44  Hatchery  
  15  0:59  Spawning Pool  
  14  1:04  Overlord  
  14  1:13  Extractor  
  14  1:14  Drone  
  14  1:15  Extractor  
  14  1:16  Drone  
  15  1:25  Drone  
  16  1:30  Drone  
  17  1:38  Drone  
  18  1:47  Queen  
  18  1:50  Zergling x2  
  21  1:55  Queen  
  21  1:59  Drone  
  24  2:02  Drone  
  25  2:15  Overlord  
  25  2:21  Drone x3  
  28  2:30  Metabolic Boost  
  28  2:32  Overlord  
  28  2:44  Drone x3  
  31  2:53  Drone x2  
  31  2:55  Lair  
  33  3:04  Zergling x2  
  33  3:05  Zergling x2  
  35  3:06  Drone x2  
  35  3:12  Zergling x4  
  38  3:14  Overlord  
  38  3:20  Drone x2, Extractor  
  39  3:35  Zergling x2  
  39  3:36  Zergling x6  
  43  3:46  Extractor  
  42  3:49  Zergling x2  
  42  3:50  Zergling x4  
  45  4:00  Overlord  
  45  4:01  Drone  
  46  4:04  Queen x2  
  46  4:05  Infestation Pit  
  48  4:20  Drone x3  
  45  4:27  Drone  
  42  4:33  Drone x2  
  42  4:44  Drone x2  
  41  4:56  Drone x2  
  40  5:05  Swarm Host  
  40  5:06  Swarm Host  
  43  5:12  Overseer, Swarm Host  
  43  5:20  Drone x2  
  44  5:31  Drone x4  
  48  5:45  Swarm Host  
  48  5:48  Overlord  
  51  6:00  Swarm Host  
  54  6:10  Roach Warren  
  53  6:14  Zergling x8  
  52  6:29  Swarm Host  
  34  6:56  Drone x8  
Show
View Real Time Build Order
Export as new Build Order

Bones Protoss - Winner!

Build Orders: Nexus First, Mass Adepts 

Get SALT Encoding   

  12  0:01  Probe  
  13  0:13  Probe  
  14  0:41  Nexus  
  14  0:53  Pylon  
  14  1:11  Probe (Chrono Boost)  
  14  1:15  Gateway  
  15  1:23  Probe (Chrono Boost)  
  16  1:30  Probe (Chrono Boost)  
  17  1:35  Assimilator  
  17  1:36  Assimilator  
  18  1:40  Probe (Chrono Boost)  
  18  1:46  Probe (Chrono Boost)  
  19  1:51  Gateway  
  19  1:57  Probe (Chrono Boost)  
  19  1:59  Probe (Chrono Boost)  
  21  2:05  Cybernetics Core  
  22  2:08  Probe (Chrono Boost)  
  22  2:09  Probe (Chrono Boost)  
  25  2:27  Pylon  
  25  2:31  Pylon  
  25  2:32  Probe (Chrono Boost)  
  27  2:37  Probe (Chrono Boost)  
  27  2:42  Probe (Chrono Boost)  
  27  2:43  Adept (Chrono Boost)  
  31  2:44  Adept (Chrono Boost)  
  31  2:45  Probe (Chrono Boost)  
  31  2:47  Warp Gate  
  31  2:56  Mothership Core  
  33  2:59  Probe  
  34  3:10  Adept x2  
  34  3:11  Probe  
  39  3:17  Probe (Chrono Boost)  
  39  3:18  Pylon  
  40  3:24  Probe (Chrono Boost)  
  41  3:29  Probe (Chrono Boost)  
  43  3:34  Probe (Chrono Boost)  
  43  3:37  Probe (Chrono Boost)  
  43  3:39  Robotics Facility  
  44  3:43  Probe  
  44  3:46  Probe  
  46  3:55  Probe (Chrono Boost), Assimilator  
  47  3:56  Assimilator  
  47  3:57  Forge  
  47  3:59  Probe (Chrono Boost)  
  48  4:07  Probe (Chrono Boost)  
  48  4:08  Probe (Chrono Boost), Pylon  
  50  4:13  Probe  
  50  4:16  Probe  
  34  4:33  Immortal (Chrono Boost)  
  21  5:00  Adept x2  
  25  5:11  Immortal (Chrono Boost)  
  27  5:21  Sentry x2  
  31  5:40  Warp Prism (Chrono Boost)  
  33  5:45  Adept  
  35  5:57  Adept  
  37  6:02  Adept  
  35  6:52  Adept  
  37  6:55  Pylon  
  30  7:38  Adept x2  
Tags
 
Add a new tag
Caveats
  • Supply blocks, unpowered buildings, or Contaminate may cause inaccurate times.
  • Supply counts are checked every 10 seconds.